Map: Dusk Towers (3.2.2 Balance v1.0)

Players

Gracz

  • Race: Terran Terran

Contrast

  • Race: Terran Terran

Player 2

  • Race: Protoss Protoss

VOD

Have the link to the VOD?

Description

Time

  • Played on: May 1, 2016, 9:41 a.m.
  • Length: 19:10
Show
View Real Time Build Order
Export as new Build Order

Gracz Terran 

Build Orders:  

Get SALT Encoding   

  12  0:05  SCV  
  13  0:17  SCV  
  14  0:27  Supply Depot  
  14  0:29  SCV  
  15  0:49  SCV  
  16  1:01  SCV  
  16  1:02  Barracks  
  17  1:12  Supply Depot  
  17  1:13  SCV  
  18  1:25  SCV  
  19  1:37  SCV  
  20  1:47  Refinery  
  20  1:48  Refinery  
  20  1:49  SCV  
  21  2:01  SCV  
  21  2:02  Barracks  
  21  2:04  Barracks  
  22  2:13  SCV  
  23  2:25  SCV  
  23  2:29  Barracks  
  24  2:37  SCV  
  25  2:50  SCV  
  26  3:00  Command Center  
  26  3:02  SCV  
  27  3:05  Refinery  
  27  3:10  Refinery  
  27  3:14  SCV  
  27  3:18  Marine  
  29  3:26  SCV  
  30  3:30  Barracks Reactor x3  
  30  3:36  Reaper  
  31  3:51  SCV  
  31  3:56  Barracks  
  31  4:11  SCV, Reaper  
  33  4:23  Supply Depot  
  33  4:35  SCV  
  34  4:47  SCV  
  35  4:59  SCV  
  36  5:06  Bunker  
  36  5:10  Reaper  
  36  5:11  SCV, Reaper x5  
  43  5:19  Orbital Command  
  43  5:23  SCV  
  44  5:35  SCV  
  45  5:42  Command Center, Reaper  
  46  5:43  Reaper x4  
  46  5:47  SCV  
  51  5:54  Reaper x2  
  53  5:59  SCV  
  54  6:29  Supply Depot  
  54  6:39  Factory  
  54  6:43  Factory  
  54  6:51  SCV, Reaper x7  
  62  6:56  Reaper  
  63  7:03  SCV  
  64  7:15  SCV  
  56  7:23  Reaper x3  
  56  7:27  SCV  
  60  7:39  SCV  
  60  7:40  Starport, Factory Tech Lab x2  
  60  7:41  Starport  
  61  7:45  Starport  
  61  7:47  SCV  
  62  7:54  Orbital Command  
  62  7:55  Reaper  
  62  7:56  Orbital Command  
  63  7:59  SCV  
  64  8:11  SCV  
  65  8:13  Barracks Reactor  
  65  8:23  SCV  
  65  8:25  Barracks  
  66  8:27  Barracks Reactor  
  66  8:35  SCV  
  66  8:47  SCV  
  64  9:00  SCV  
  65  9:05  SCV  
  65  9:06  SCV  
  67  9:12  SCV  
  68  9:17  SCV  
  68  9:18  SCV  
  68  9:24  SCV  
  71  9:29  SCV  
  71  9:30  SCV  
  73  9:32  Barracks Reactor  
  73  9:36  SCV  
  73  9:37  Siege Tank  
  77  9:48  Starport Tech Lab  
  77  10:01  Refinery  
  77  10:06  Refinery  
  77  10:14  Command Center  
  77  10:33  Siege Tank, SCV, Reaper x4  
  85  10:41  Supply Depot  
  85  10:48  SCV  
  85  10:56  SCV, Reaper x2  
  85  10:58  SCV  
  85  11:00  Siege Tank  
  85  11:01  SCV  
  83  11:05  Siege Tank  
  83  11:08  SCV  
  83  11:10  SCV  
  83  11:13  SCV  
  80  11:21  SCV  
  80  11:22  SCV  
  80  11:25  SCV  
  78  11:30  Reaper  
  78  11:31  Reaper x5  
  78  11:32  Siege Tank  
  86  11:33  SCV  
  86  11:34  SCV  
  86  11:37  Siege Tank  
  90  11:45  SCV  
  90  11:46  SCV  
  91  11:51  SCV  
  88  11:59  SCV  
  89  12:02  Reaper  
  89  12:03  Reaper x3  
  93  12:41  Starport Tech Lab x2  
  93  13:07  Command Center  
  93  13:11  Siege Tank x2, SCV, Reaper x4  
  93  13:12  SCV x2, Reaper  
  107  13:23  SCV  
  107  13:24  SCV x2  
  110  13:27  Refinery  
  110  13:31  Supply Depot  
  110  13:32  Refinery  
  110  13:35  SCV  
  110  13:36  SCV x2  
  110  13:37  Supply Depot  
  110  13:39  Supply Depot  
  113  13:43  Siege Tank, Reaper  
  113  13:44  Siege Tank  
  113  13:45  Bunker  
  113  13:47  SCV  
  113  13:48  SCV x2  
  123  14:00  SCV x3  
  126  14:15  Siege Tank  
  126  14:16  Siege Tank  
  132  14:30  Orbital Command  
  132  14:47  Siege Tank  
  132  14:48  Siege Tank  
  138  14:53  SCV  
  139  15:05  SCV  
  140  15:17  SCV  
  140  15:20  Siege Tank x2  
  147  15:29  SCV  
  148  15:37  Viking x2  
  148  15:40  Marine  
  148  15:41  Marine x5, SCV  
  161  16:00  Supply Depot  
  161  16:01  Supply Depot  
  161  16:04  Supply Depot  
  155  16:18  Command Center  
  153  16:22  Marine x6, Viking  
  153  16:23  Viking  
  149  16:40  Marine x6  
  152  16:52  Viking  
  152  16:53  Viking  
  154  16:57  Marine x6  
  144  17:15  Marine x6  
  139  17:22  Viking x2  
  123  17:52  Viking  
Show
View Real Time Build Order
Export as new Build Order

Contrast Terran 

Build Orders:  

Get SALT Encoding   

  12  0:01  Probe (Chrono Boost)  
  13  0:11  Probe (Chrono Boost)  
  14  0:19  Pylon  
  14  0:22  Probe (Chrono Boost)  
  15  0:38  Probe (Chrono Boost)  
  16  0:49  Gateway  
  16  1:05  Nexus  
  16  1:23  Pylon  
  16  1:26  Assimilator  
  16  1:35  Zealot  
  16  1:39  Probe (Chrono Boost)  
  19  1:42  Cybernetics Core  
  19  1:51  Probe (Chrono Boost)  
  20  1:58  Assimilator  
  20  2:02  Probe (Chrono Boost)  
  20  2:06  Zealot  
  23  2:16  Pylon  
  23  2:19  Probe (Chrono Boost)  
  24  2:23  Warp Gate  
  25  2:30  Probe (Chrono Boost)  
  25  2:32  Stalker  
  25  2:34  Probe (Chrono Boost)  
  28  2:51  Assimilator  
  28  2:56  Probe (Chrono Boost)  
  29  3:00  Adept, Probe (Chrono Boost)  
  32  3:08  Probe (Chrono Boost)  
  32  3:10  Probe (Chrono Boost)  
  35  3:20  Probe (Chrono Boost)  
  35  3:21  Probe (Chrono Boost)  
  35  3:26  Adept  
  36  3:31  Probe (Chrono Boost)  
  39  3:35  Probe (Chrono Boost)  
  40  3:41  Probe (Chrono Boost)  
  40  3:46  Probe (Chrono Boost)  
  40  3:48  Pylon  
  42  3:53  Probe (Chrono Boost)  
  43  3:56  Adept  
  43  3:57  Probe (Chrono Boost)  
  46  4:05  Probe (Chrono Boost)  
  46  4:08  Probe (Chrono Boost)  
  48  4:16  Probe (Chrono Boost)  
  49  4:20  Pylon, Probe (Chrono Boost)  
  49  4:22  Robotics Facility  
  50  4:27  Probe (Chrono Boost)  
  51  4:32  Probe (Chrono Boost)  
  51  4:37  Adept  
  55  4:39  Probe (Chrono Boost)  
  55  4:41  Pylon  
  55  4:44  Probe (Chrono Boost)  
  56  4:50  Probe (Chrono Boost)  
  57  4:54  Probe (Chrono Boost)  
  58  5:01  Probe (Chrono Boost)  
  58  5:05  Probe (Chrono Boost)  
  58  5:06  Sentry  
  62  5:10  Observer  
  62  5:12  Probe (Chrono Boost)  
  64  5:16  Assimilator, Probe (Chrono Boost)  
  64  5:18  Pylon  
  65  5:24  Probe (Chrono Boost)  
  65  5:27  Probe (Chrono Boost)  
  67  5:30  Observer  
  67  5:35  Stalker  
  70  5:47  Probe (Chrono Boost)  
  70  6:04  Stalker  
  72  7:11  Adept  
  68  7:41  Stalker  
  70  8:10  Zealot  
  72  8:50  Zealot  
  72  9:10  Nexus  
  72  10:04  Protoss Air Weapons Level 1, Warp Prism  
  72  10:09  Stargate  
  72  10:11  Robotics Bay  
  74  10:15  Pylon  
  74  10:30  Assimilator  
  74  10:36  Assimilator  
  74  10:37  Warp Prism  
  76  10:50  Void Ray  
  76  10:54  Observer Gravitic Boosters  
  76  10:56  Stargate  
  68  11:13  Observer  
  69  11:32  Void Ray  
  73  11:42  Stargate  
  73  11:45  Gravitic Drive  
  73  11:46  Protoss Air Armor Level 1  
  71  11:51  Void Ray  
  69  12:17  Phoenix  
  71  12:40  Phoenix  
  73  14:14  Nexus  
  73  14:31  Stalker  
  75  14:34  Gateway  
  75  14:37  Forge  
  75  14:41  Twilight Council  
  75  14:51  Sentry  
  77  14:56  Protoss Ground Armor Level 1  
  77  15:11  Stalker  
  79  15:22  Templar Archives  
  79  15:25  Gateway  
  79  15:28  Zealot  
  81  15:39  Stalker  
  83  15:50  Zealot  
  85  16:01  Stalker  
  87  16:10  Assimilator  
  87  16:12  Sentry  
  87  16:15  Assimilator  
  89  16:23  High Templar  
  91  16:34  High Templar  
  91  16:35  Protoss Ground Weapons Level 1  
  93  16:46  Archon  
  93  16:47  High Templar  
  95  16:57  High Templar  
  97  17:13  High Templar, Archon  
  99  17:48  Probe (Chrono Boost)  
  99  17:51  Probe (Chrono Boost)  
  94  18:11  Nexus  
  94  18:22  Stalker  
  94  18:32  Stalker  
  96  18:41  Stalker  
Show
View Real Time Build Order
Export as new Build Order

Player 2 Protoss 

Build Orders:  

Get SALT Encoding   

Tags
 
Add a new tag
Caveats
  • Supply blocks, unpowered buildings, or Contaminate may cause inaccurate times.
  • Supply counts are checked every 10 seconds.